 Dungeon Crawl Stone Soup version 0.29.0-5-ge4962eb29e (webtiles) character file.

Game seed: 9647815690430300581

12196 Arum the Thaumaturge (level 12, -19/74 HPs)
             Began as a Formicid Earth Elementalist on Aug 29, 2022.
             Was an Elder of Vehumet.
             Demolished by a skeletal warrior
             ... wielding a +0 war axe
              (29 damage)
             ... on level 10 of the Dungeon.
             The game lasted 00:29:49 (13420 turns).

Arum the Thaumaturge (Formicid Earth Elementalist) Turns: 13420, Time: 00:29:50

Health: -19/74     AC:  3    Str: 13    XL:     12   Next: 17%
Magic:  2/28       EV: 16    Int: 20    God:    Vehumet [****..]
Gold:   522        SH:  0    Dex: 14    Spells: 23/36 levels left

rFire   . . .      SeeInvis +   b - staff of earth
rCold   . . .      Faith    .   (no shield)
rNeg    . . .      Spirit   .   D - +0 robe {Archmagi}
rPois   .          Reflect  .   (helmet unavailable)
rElec   .          Harm     .   (no cloak)
rCorr   .          Rampage  .   w - +0 pair of gloves
Will    +....      Archmagi +   (no boots)
Stlth   ++........              (no amulet)
HPRegen 0.22/turn               k - +4 ring of evasion
MPRegen 0.21/turn               l - +4 ring of slaying

@: no status effects
A: permanent stasis, dig shafts and tunnels, antennae 3, four strong arms
a: Dig, Shaft Self, Renounce Religion


You were on level 10 of the Dungeon.
You worshipped Vehumet.
Vehumet was greatly pleased with you.
You visited 2 branches of the dungeon, and saw 11 of its levels.

You collected 522 gold pieces.

Inventory:

Hand Weapons
 d - the +10 quick blade of the Head {vorpal, rC+ Dex+2}
   (You acquired it on level 6 of the Dungeon)

   It inflicts extra damage upon your enemies.
   Dex:       It affects your dexterity (+2).
   rC:        It protects you from cold.
 i - a +1 short sword of flaming
Missiles
 h - 111 stones
 v - 6 javelins
Armour
 o - a +2 robe of fire resistance
 p - a +0 robe of willpower
 w - a +0 pair of gloves (worn)
 D - a +0 robe of the Archmagi (worn)
Magical Staves
 b - a staff of earth (weapon)
Jewellery
 a - a ring of fire
 k - a +4 ring of evasion (left hand)
 l - a +4 ring of slaying (right hand)
Wands
 f - a wand of digging (3)
 x - a wand of polymorph (9)
 y - a wand of flame (15)
Scrolls
 n - 3 scrolls of vulnerability
 q - 2 scrolls of amnesia
 z - a scroll of enchant weapon
 B - a scroll of enchant armour
 C - a scroll of fog
 E - 2 scrolls of identify
 F - a scroll of poison
Potions
 c - 2 potions of attraction
 e - 2 potions of lignification
 g - a potion of heal wounds
 j - 7 potions of curing
 m - a potion of ambrosia
 r - 2 potions of mutation
 s - 2 potions of resistance
 t - 3 potions of might
 u - a potion of flight
 A - 2 potions of cancellation


   Skills:
 - Level 1.7 Dodging
 - Level 2.4 Stealth
 * Level 12.6 Spellcasting
 * Level 9.6 Conjurations
 - Level 3.0 Transmutations
 + Level 11.1 Earth Magic


You had 23 spell levels left.
You knew the following spells:

 Your Spells              Type           Power      Damage    Failure   Level
a - Sandblast             Erth           100%       2d20      1%          1
b - Petrify               Tmut/Erth      75%        N/A       3%          4
c - Stone Arrow           Conj/Erth      100%       3d13      1%          3
d - Magic Dart            Conj           100%       1d8       1%          1
e - Hailstorm             Conj/Ice       48%        3d11      1%          4

Your spell library contained the following spells:

 Spells                   Type           Power      Damage    Failure   Level
 Fulminant Prism          Conj/Hex       24%        3d13      1%          4
 Beastly Appendage        Tmut           74%        N/A       1%          1
 Foxfire                  Conj/Fire      100%       2x1d9     1%          1
 Passwall                 Tmut/Erth      62%        N/A       1%          2
 Static Discharge         Conj/Air       48%        3-9/arc   1%          2
 Conjure Flame            Conj/Fire      48%        6-21      1%          3
 Flame Wave               Conj/Fire      48%        2d12      1%          4
 Sticky Flame             Conj/Fire      48%        2d7       1%          4
 Poisonous Vapours        Pois/Air       38%        N/A       2%          2
 Inner Flame              Hex/Fire       19%        N/A       4%          3
 Apportation              Tloc           38%        N/A       5%          1
 Slow                     Hex            76%        N/A       5%          1
 Ensorcelled Hibernation  Hex/Ice        38%        N/A       8%          2
 Spider Form              Tmut/Pois      28%        N/A       9%          3
 Confusing Touch          Hex            19%        N/A       16%         3
 Yara's Violent Unravell  Hex/Tmut       14%        3d7       21%         5
 Anguish                  Hex/Necr       9%         N/A       45%         4
 Corpse Rot               Necr/Pois/Air  19%        N/A       45%         4
 Dispel Undead            Necr           19%        3d11      45%         4
 Enfeeble                 Hex            9%         N/A       100%        7


Dungeon Overview and Level Annotations

Branches:
Dungeon (10/15)            Temple (1/1) D:4            Lair (0/5) D:10
    Orc: D:9-12

Altars:
Ashenzari
Cheibriados
Dithmenos
Elyvilon
Fedhas
Gozag
Hepliaklqana
Kikubaaqudgha
Makhleb
Nemelex Xobeh
Okawaru
Qazlal
Ru
Sif Muna
Trog
Uskayaw
Vehumet
Wu Jian
Xom
Yredelemnul
Zin
The Shining One

Shops:
D:8 (   D:10 (

Annotations:
D:7 3 runed translucent doors, t4s4d4r's ghost, novice OpSu


Innate Abilities, Weirdness & Mutations

You cannot be hasted, slowed, berserked, paralysed or teleported.
You can dig through walls and to a lower floor.
You have a pair of large antennae on your head. (SInv)
Your four strong arms can wield two-handed weapons with a shield.


Message History

The skeletal warrior hits you with a +0 war axe!
The orc wizard hits you with a +0 dagger.
The skeletal warrior hits you with a +0 war axe!
Casting: Sandblast (safe; 1% risk of failure)
Confirm with . or Enter, or press ? or * to list all spells.
Aiming: Stone Arrow (safe; 1% risk of failure)
Press: ? - help, Shift-Dir - straight line, f/p - skeletal warrior
Aim: a skeletal warrior, wielding a +0 war axe and wearing a +0 troll leather armour (heavily damaged, 78% to hit)
You feel a strong surge of power!
The stone arrow hits the skeletal warrior!!
The skeletal warrior is almost destroyed.
The orc wizard completely misses you. The skeletal warrior barely misses you.
Casting: Stone Arrow (safe; 1% risk of failure)
Confirm with . or Enter, or press ? or * to list all spells.
Aiming: Stone Arrow (safe; 1% risk of failure)
Press: ? - help, Shift-Dir - straight line, f/p - skeletal warrior
Aim: a skeletal warrior, wielding a +0 war axe and wearing a +0 troll leather armour (almost destroyed, 78% to hit)
You feel a strong surge of power!
The stone arrow misses the skeletal warrior.
The orc wizard hits you but does no damage.
The skeletal warrior closely misses you.
The troll attacks as you move away! The troll closely misses you.
The troll misses you. The troll claws you!
The orc wizard hits you with a +0 dagger.
Aiming: Throw Flame
Press: ? - help, Shift-Dir - straight line, f/p - skeletal warrior
Aim: a skeletal warrior, wielding a +0 war axe and wearing a +0 troll leather armour (almost destroyed, 68% to hit)
The puff of flame hits the skeletal warrior but does no damage.
The skeletal warrior is almost destroyed.
The orc wizard hits you with a +0 dagger.
The troll closely misses you. The troll completely misses you.
The troll claws you!
The skeletal warrior hits you with a +0 war axe!
* * * LOW HITPOINT WARNING * * *
Unknown command.
Are you sure you want to shaft yourself?
The orc wizard closely misses you. The troll completely misses you. x2
The troll closely misses you.
The skeletal warrior hits you with a +0 war axe!!
You die...

##########...........#
###..รท.T)............#
..'.#.)#.#...........#
#.#)T....#...........#
..#.)....#...........#
#.#.#..#.#...........#
..#......#...........#
##########.....zoT...#
{.# .K#......@....# #.
{ #..#...........# # {
#+####'######### . #.
). . ## .. .......


You could see a skeletal warrior, a troll and an orc wizard (invisible).

Vanquished Creatures
  2 two-headed ogres
  A tengu warrior (D:10)
  2 ugly things
  A gargoyle (D:10)
  2 kobold demonologists (D:10)
  A komodo dragon (D:10)
  A troll (D:9)
  A polar bear (D:8)
  11 yaks
  2 wraiths (D:10)
  A wyvern (D:9)
  An unseen horror simulacrum (D:8)
  A steam dragon (D:10)
  Edmund (D:4)
  Duvessa (D:7)
  A water moccasin (D:8)
  4 ice beasts
  3 orc warriors
  3 sky beasts
  2 black bears
  5 ogres
  6 centaurs
  A phantom (D:7)
  5 kobold brigands
  3 bullfrogs
  4 necrophages
  3 scorpions
  15 wights
  Dowan (D:7)
  5 killer bees
  A vampire bat (D:5)
  2 electric eels (D:8)
  8 howler monkeys
  3 hounds
  4 gnoll boudas
  4 jellies
  An orc priest (D:7)
  Jessica (D:2)
  3 iguanas
  6 orc wizards
  Terence (D:2)
  2 centaur simulacra (D:8)
  Robin (D:2)
  12 gnolls
  3 adders
  A shadow imp (D:6)
  2 white imps (D:8)
  2 ufetubi
  A worm (D:3)
  3 fire bats (D:5)
  26 orcs
  2 spectral bats (D:5)
  3 bat skeletons (D:5)
  A bat zombie (D:5)
  4 endoplasms
  A giant cockroach (D:1)
  10 goblins
  11 hobgoblins
  23 kobolds
  2 quokkas
  7 ball pythons
  14 bats
  A bat simulacrum (D:5)
  7 frilled lizards
  4 rats
267 creatures vanquished.

Vanquished Creatures (others)
  18 plants (D:10)
18 creatures vanquished.

Grand Total: 285 creatures vanquished

Notes
Turn   | Place    | Note
-------+----------+-------------------------------------------
     0 | D:1      | Arum the Formicid Earth Elementalist began the quest for
                  | the Orb.
     0 | D:1      | Reached XP level 1. HP: 13/13 MP: 3/3
    78 | D:1      | Reached XP level 2. HP: 13/19 MP: 1/5
   649 | D:1      | Found a faded altar of an unknown god.
   664 | D:1      | Reached XP level 3. HP: 15/24 MP: 1/7
   888 | D:1      | Reached skill level 3 in Spellcasting
  1694 | D:2      | Noticed Robin
  1705 | D:2      | Killed Robin
  1711 | D:2      | Reached XP level 4. HP: 28/30 MP: 4/8
  1839 | D:2      | Noticed Jessica
  1846 | D:2      | Killed Jessica
  1928 | D:2      | Noticed Terence
  1939 | D:2      | Killed Terence
  1940 | D:2      | Reached XP level 5. HP: 14/35 MP: 8/10
  2552 | D:3      | Reached skill level 4 in Spellcasting
  2837 | D:3      | Learned a level 4 spell: Petrify
  2841 | D:3      | Learned a level 3 spell: Stone Arrow
  3380 | D:4      | Noticed Edmund
  3394 | D:4      | Killed Edmund
  3395 | D:4      | Reached skill level 1 in Conjurations
  3395 | D:4      | Reached XP level 6. HP: 16/41 MP: 7/13
  3619 | D:4      | Found an iron altar of Okawaru.
  3624 | D:4      | Reached skill level 5 in Earth Magic
  3662 | D:4      | Found a staircase to the Ecumenical Temple.
  3671 | Temple   | Entered the Ecumenical Temple
  3718 | Temple   | Became a worshipper of Vehumet
  4029 | D:4      | Noticed a black bear
  4033 | D:4      | Killed a black bear
  4034 | D:4      | Reached skill level 5 in Spellcasting
  4034 | D:4      | Reached XP level 7. HP: 46/46 MP: 7/14
  4208 | D:4      | Found a sparkling altar of Nemelex Xobeh.
  4225 | D:4      | Found a shimmering blue altar of Sif Muna.
  4356 | D:4      | Got Sif Muna's Parchment of Coordinates
  4360 | D:4      | Got Sif Muna's Meditations on Sculpting
  4362 | D:4      | Got Sif Muna's Handbook of Spellbinding
  4683 | D:5      | Entered Level 5 of the Dungeon
  5016 | D:5      | Reached skill level 6 in Spellcasting
  5125 | D:5      | Reached XP level 8. HP: 52/52 MP: 14/17
  5287 | D:5      | Reached * piety under Vehumet
  5287 | D:5      | Offered knowledge of Shock by Vehumet.
  5713 | D:5      | Reached skill level 7 in Spellcasting
  6370 | D:6      | Reached XP level 9. HP: 57/57 MP: 14/20
  6459 | D:6      | Identified the +9 long sword "Igoomumn" {freeze, rC- Will++
                  | rCorr Stlth+}
  6475 | D:6      | Reached skill level 8 in Spellcasting
  6640 | D:6      | Found a hazy altar of Hepliaklqana.
  6698 | D:6      | Reached ** piety under Vehumet
  6698 | D:6      | Offered knowledge of Magic Dart by Vehumet.
  6703 | D:6      | Learned a level 1 spell: Magic Dart
  6868 | D:6      | Identified 2 scrolls of acquirement
  6868 | D:6      | Acquired a staff of earth
  6871 | D:6      | Acquired the +10 quick blade of the Head {vorpal, rC+
                  | Dex+2}
  7394 | D:6      | Found a blossoming altar of Fedhas.
  7537 | D:7      | Found a runed translucent gate.
  7538 | D:7      | Found a runed translucent gate.
  7539 | D:7      | Found a runed translucent gate.
  7541 | D:7      | Noticed t4s4d4r's ghost (novice OpSu)
  7654 | D:7      | Reached skill level 9 in Spellcasting
  7924 | D:7      | Reached skill level 5 in Conjurations
  8190 | D:7      | Reached XP level 10. HP: 63/63 MP: 18/23
  8386 | D:7      | Offered knowledge of Mephitic Cloud by Vehumet.
  8544 | D:7      | Noticed Duvessa
  8544 | D:7      | Noticed Dowan
  8551 | D:7      | Killed Duvessa
  8559 | D:7      | Killed Dowan
  8893 | D:8      | Reached *** piety under Vehumet
  8894 | D:8      | Reached skill level 10 in Spellcasting
  9377 | D:8      | Offered knowledge of Hailstorm by Vehumet.
  9383 | D:8      | Learned a level 4 spell: Hailstorm
  9996 | D:8      | Found Mamen's Weapon Shoppe.
 10244 | D:9      | Found a snail-covered altar of Cheibriados.
 10266 | D:9      | Found a burning altar of Makhleb.
 10526 | D:9      | Reached XP level 11. HP: 68/68 MP: 17/25
 10532 | D:9      | Reached skill level 11 in Spellcasting
 10818 | D:9      | Found a sacrificial altar of Ru.
 10821 | D:9      | Found a sparkling altar of Nemelex Xobeh.
 10821 | D:9      | Found a blossoming altar of Fedhas.
 10824 | D:9      | Reached **** piety under Vehumet
 10851 | D:9      | Found a shimmering altar of Xom.
 10851 | D:9      | Found a shimmering blue altar of Sif Muna.
 10851 | D:9      | Found a broken altar of Ashenzari.
 10966 | D:9      | Found a stormy altar of Qazlal.
 11040 | D:9      | Noticed a brown ugly thing
 11047 | D:9      | Killed a brown ugly thing
 11048 | D:9      | Reached skill level 10 in Earth Magic
 11152 | D:9      | Found a blossoming altar of Fedhas.
 11154 | D:9      | Noticed a two-headed ogre
 11167 | D:9      | Killed a two-headed ogre
 11935 | D:9      | Offered knowledge of Fulminant Prism by Vehumet.
 12015 | D:10     | Entered Level 10 of the Dungeon
 12055 | D:10     | Found a staircase to the Lair.
 12343 | D:10     | Found Yguh's Weapon Boutique.
 12469 | D:10     | Reached skill level 12 in Spellcasting
 12545 | D:10     | Noticed a tengu warrior
 12548 | D:10     | Killed a tengu warrior
 12867 | D:9      | Reached XP level 12. HP: 55/74 MP: 14/28
 13073 | D:10     | Found a broken altar of Ashenzari.
 13126 | D:10     | Noticed a skeletal warrior
 13130 | D:10     | Noticed a two-headed ogre
 13405 | D:10     | Killed a two-headed ogre
 13420 | D:10     | Demolished by a skeletal warrior

Illustrated notes

Levels and vault maps discovered:
D:1:      dpeg_arrival_tiny_i, layout_basic,
          shapermc_ecumenical_altar_mp_highgroup
D:2:      layout_basic, uniq_jessica, uniq_terence, uniq_robin
D:3:      layout_loops_cross
D:4:      layout_cave_pods, nicolae_sif_muna_little_library,
          mainiacjoe_overflow_alcove_4, okawaru_ov_weapons_minmay,
          minmay_temple_entry_sparse_star, serial_bayou_pond_d, uniq_edmund
D:5:      layout_cave_pods, st_stairs_10, goddamned_bats
D:6:      layout_gridville, mainiacjoe_overflow_alcove_1, general_overflow_altar
D:7:      layout_basic, ebering_ghost_rock_garden, uniq_duvessa
D:8:      layout_rooms, serial_shops, shop, serial_ice, serial_ice_h,
          serial_ice_l, serial_ice_f, serial_ice_e
D:9:      layout_basic, mainiacjoe_overflow_brackets,
          mainiacjoe_overflow_small_starburst, nicolae_qazlal_eye_of_the_storm,
          doesnt_xom_only_xom, minmay_ruined_shrine
D:10:     minmay_clustersquares, layout_basic, evilmike_ruin_ashenzari,
          david_lair_shrubbed, david_orc_4, serial_shops, nicolae_diamond_shop,
          minmay_misc_feat_rows, nicolae_lava_and_water
Temple:   minmay_temple_bridge_abc

Skill      XL: |  1  2  3  4  5  6  7  8  9 10 11 12 |
---------------+-------------------------------------+-----
Earth Magic    | 4 5 6 7 8 9 10 11 | 11.1
Spellcasting   | 3 4 5 6 7 9 10 12 | 12.6
Transmutations | 2 3 |  3.0
Conjurations   | 1 2 4 5 7 9 |  9.6
Dodging        | |  1.7
Stealth        | |  2.4

Action                   |  1- 3 |  4- 6 |  7- 9 | 10-12 || total
-------------------------+-------+-------+-------+-------++-------
Melee: Unarmed           |    15 |       |       |       ||    15
       Short sword       |       |    25 |     2 |       ||    27
       Quick blade       |       |       |     7 |       ||     7
       Punch             |       |       |     1 |       ||     1
 Cast: Sandblast         |    47 |    39 |   124 |   124 ||   334
       Stone Arrow       |       |     3 |    22 |    74 ||    99
       Magic Dart        |       |       |    19 |    93 ||   112
       Petrify           |       |       |     2 |     5 ||     7
       Hailstorm         |       |       |       |     8 ||     8
 Abil: Dig               |       |       |     1 |       ||     1
       Shaft Self        |       |       |       |     1 ||     1
Evoke: Wand              |       |       |       |     3 ||     3
  Use: Potion            |     1 |       |       |     1 ||     2
       Scroll            |       |       |    18 |     7 ||    25
 Stab: Sleeping          |       |     2 |       |       ||     2
       Petrified         |       |       |     7 |       ||     7
Armor: Robe              |     4 |     3 |    13 |     8 ||    28
Dodge: Dodged            |    24 |    30 |    64 |    71 ||   189
